 Dungeon Crawl Stone Soup version 0.31-a0-983-g7b6862f502 (webtiles) character file.

Game seed: 9261281220094308690

55 wildpjah the Covered (level 3, -4/33 HPs)
             Began as a Minotaur Fighter on Nov 2, 2023.
             Was an Initiate of Ru.
             Succumbed to a kobold's poison
             ... on level 3 of the Dungeon.
             The game lasted 00:03:08 (1663 turns).

wildpjah the Covered (Minotaur Fighter)             Turns: 1663, Time: 00:03:09

Health: -4/33      AC: 10    Str: 22    XL:     3   Next: 67%
Magic:  2/2        EV:  9    Int:  5    God:    Ru [......]
Gold:   157        SH:  4    Dex:  9    Spells: 2/2 levels left

rFire   . . .        a - +0 war axe
rCold   . . .        c - +0 buckler
rNeg    . . .        b - +0 scale mail
rPois   .            (helmet restricted)
rElec   .            (no cloak)
rCorr   .            k - +2 pair of gloves
SInv    .            (no boots)
Will    .....        j - amulet of regeneration Stlth
                     (no ring)
HPRegen 1.05/turn    (no ring)
MPRegen 0.08/turn

%: no passive effects
@: lethally poisoned (-4 -> -31)
A: horns 2, retaliatory headbutt
a: Renounce Religion


You were on level 3 of the Dungeon.
You worshipped Ru.
Ru was noncommittal.
You visited 1 branch of the dungeon, and saw 3 of its levels.

You collected 157 gold pieces.

Inventory:

Hand Weapons
 a - a +0 war axe (weapon)
Armour
 b - a +0 scale mail (worn)
 c - a +0 buckler (worn)
 k - a +2 pair of gloves (worn)
Jewellery
 j - an amulet of regeneration (around neck)
Scrolls
 e - 6 scrolls of identify {unknown}
 i - a scroll of fear {unknown}
 l - a scroll of noise {unknown}
Potions
 d - a potion of might
 f - 2 potions of mutation {unknown}
 g - a potion of heal wounds {unknown}
 h - a potion of enlightenment {unknown}


   Skills:
 + Level 4.2 Fighting
 + Level 3.3 Axes
 + Level 4.2 Armour
 + Level 0.5 Dodging
 + Level 4.0 Shields


You had 2 spell levels left.
You didn't know any spells.
Your spell library contained the following spells:

 Spells                   Type           Power      Damage    Failure   Level
 Apportation              Tloc           0%         N/A       86%         1
 Jinxbite                 Hex            0%         N/A       94%         2
 Alistair's Intoxication  Tmut/Pois      0%         N/A       100%        5


Dungeon Overview and Level Annotations

Branches:
Dungeon (3/15)

Altars:
Ru


Innate Abilities, Weirdness & Mutations

You have a pair of horns on your head.
You reflexively headbutt those who attack you in melee.


Message History

You see here a +0 hand axe.
Found a stone staircase leading down.
Found a stone staircase leading up.
Found a stone staircase leading down.
There is a stone staircase leading up here.
A kobold comes into view. It is wielding a +1 dagger of venom.
The kobold shouts!
The kobold hits you but does no damage.
You closely miss the kobold. Your headbutt misses the kobold.
The kobold completely misses you.
You barely miss the kobold. Your headbutt misses the kobold.
The kobold hits you but does no damage.
You are poisoned.
The kobold hits you but does no damage.
You are more poisoned.
You hit the kobold but do no damage.
You feel very sick.
The kobold hits you with a +1 dagger of venom.
You are more poisoned.
You hit the kobold.
The kobold is moderately wounded.
You feel extremely sick. The kobold barely misses you.
You hit the kobold.
You headbutt the kobold, but do no damage.
The kobold is severely wounded.
You feel very sick.
The kobold hits you with a +1 dagger of venom.
You are lethally poisoned!
The kobold hits you but does no damage.
You are more poisoned.
You barely miss the kobold. Your headbutt misses the kobold.
The kobold is severely wounded.
* * * LOW HITPOINT WARNING * * *
You feel extremely sick. The kobold hits you but does no damage.
You are more poisoned.
You closely miss the kobold. You headbutt the kobold.
You kill the kobold!
You die...

#.#...........##
...........<#
#...........#
#...........#
#.........#.#
##....#.###.#
...##.#.# #.# .
#...# #.# ##.@#
#.# #.)# ..#
#.## .## .. .
.#. #.## #


There were no monsters in sight!

Vanquished Creatures
  An adder (D:3)
  A worm (D:3)
  A ball python (D:1)
  3 endoplasms
  2 giant cockroaches (D:2)
  4 goblins
  6 hobgoblins
  6 jackals (D:2)
  5 bats
  A frilled lizard (D:2)
  4 kobolds
  2 rats
36 creatures vanquished.

Notes
Turn   | Place    | Note
-------+----------+-------------------------------------------
     0 | D:1      | wildpjah the Minotaur Fighter began the quest for the Orb.
     0 | D:1      | Reached XP level 1. HP: 19/19 MP: 0/0
   238 | D:1      | Reached XP level 2. HP: 27/27 MP: 1/1
   243 | D:1      | Found a faded altar of an unknown god.
   777 | D:2      | Found a sacrificial altar of Ru.
   831 | D:2      | Became a worshipper of Ru the Awakened
  1028 | D:2      | Reached XP level 3. HP: 33/33 MP: 2/2
  1663 | D:3      | Succumbed to a kobold's poison

Illustrated notes

Levels and vault maps discovered:
D:1:      tarquinn_simple_flora_water_e, layout_basic,
          dreamdust_ecumenical_altar_angels_and_demons, patterned_corridor
D:2:      layout_basic, basic_altar, roderic_roman_lattice,
          minmay_misc_feat_columns
D:3:      layout_rooms, nicolae_ru_the_path_less_chosen, uniq_natasha

Skill      XL: |  1  2  3 |
---------------+----------+-----
Fighting       | 4 |  4.2
Armour         | 4 |  4.2
Shields        | 4 |  4.0
Axes           | 3 |  3.3
Dodging        | |  0.5

Action                     || total
---------------------------++-------
  Melee: War axe           ||    81
         Headbutt          ||    14
 Armour: Scale mail        ||    44
  Dodge: Dodged            ||    42
  Block: Buckler           ||    23

Table legend: (Time is in decaauts)
 A = Elapsed time spent in this place.
 B = Non-inter-level travel time spent in this place.
 C = Inter-level travel time spent in this place.
 D = Time resting spent in this place.
 E = Time spent auto-exploring this place.
 F = Levels seen in this place.
 G = Mean time per level.
                   A        B        C        D        E       F      G
               +--------+--------+--------+--------+--------+-----+--------+
         Total |   1693 |   1530 |    163 |      0 |   1266 |   3 |  564.3 |
       Dungeon |   1693 |   1530 |    163 |      0 |   1266 |   3 |  564.3 |
               +--------+--------+--------+--------+--------+-----+--------+

Top non-repeatable levels by time:
     D:2: 862 daAuts
     D:1: 769 daAuts
     D:3: 61 daAuts
